Map: Catalyst LE

Players

Neeb

  • Race: Protoss Protoss
  • Spawn Location: 5:00

HeRoMaRinE - Winner!

  • Race: Terran Terran
  • Spawn Location: 11:00

Event: WCS Leipzig 2018

VOD

Have the link to the VOD?

Description

Time

  • Played on: Jan. 27, 2018, 4:45 a.m.
  • Length: 10:12

All games in this series

Show
View Real Time Build Order
Export as new Build Order

Neeb Protoss 

Build Orders:  

Get SALT Encoding   

  12  0:00  Probe  
  13  0:12  Probe  
  14  0:19  Pylon  
  14  0:24  Probe  
  15  0:37  Probe (Chrono Boost)  
  15  0:41  Gateway  
  16  0:47  Probe (Chrono Boost)  
  17  0:53  Assimilator  
  17  0:54  Probe  
  18  1:04  Pylon  
  18  1:07  Probe  
  19  1:20  Probe  
  19  1:22  Gateway  
  20  1:31  Cybernetics Core  
  20  1:35  Probe  
  21  1:44  Pylon  
  21  1:47  Probe  
  21  1:51  Assimilator  
  22  2:00  Probe  
  25  2:08  Stalker (Chrono Boost)  
  25  2:13  Probe  
  28  2:17  Stalker (Chrono Boost)  
  28  2:27  Shield Battery  
  27  2:31  Probe, Stalker  
  30  2:47  Probe  
  31  3:00  Nexus  
  31  3:03  Probe  
  32  3:10  Pylon  
  32  3:17  Pylon  
  32  3:21  Probe  
  33  3:33  Probe, Twilight Council  
  34  3:44  Pylon  
  34  3:45  Probe  
  35  3:57  Probe  
  36  4:04  Gateway  
  36  4:07  Gateway  
  36  4:09  Probe  
  37  4:19  Probe, Blink (Chrono Boost)  
  37  4:22  Probe  
  37  4:31  Probe  
  37  4:34  Probe  
  39  4:41  Robotics Facility, Warp Gate (Chrono Boost)  
  39  4:42  Pylon  
  39  4:43  Probe  
  40  4:46  Probe  
  40  4:51  Stalker x2  
  45  4:56  Stalker  
  45  4:58  Probe  
  48  5:00  Probe  
  48  5:05  Pylon  
  49  5:10  Probe  
  49  5:12  Probe  
  51  5:17  Pylon  
  51  5:21  Assimilator  
  51  5:22  Probe  
  51  5:23  Assimilator  
  51  5:26  Stalker (Chrono Boost)  
  56  5:29  Probe  
  56  5:33  Stalker (Chrono Boost)  
  58  5:42  Immortal  
  61  5:46  Stalker (Chrono Boost)  
  59  5:50  Probe x2  
  59  5:51  Shield Battery  
  59  5:54  Stalker (Chrono Boost)  
  60  5:59  Pylon  
  60  6:02  Probe x2  
  56  6:11  Pylon  
  56  6:14  Probe x2  
  54  6:26  Probe, Nexus  
  54  6:27  Probe  
  56  6:35  Pylon  
  56  6:38  Probe, Stalker  
  56  6:39  Probe  
  60  6:42  Stalker  
  60  6:46  Stalker  
  64  6:48  Pylon  
  64  6:50  Probe  
  64  6:51  Probe  
  65  7:02  Probe  
  65  7:06  Stalker x2  
  65  7:07  Probe  
  65  7:14  Probe  
  64  7:19  Probe  
  63  7:26  Probe  
  63  7:28  Forge  
  63  7:29  Forge  
  64  7:31  Probe, Observer  
  64  7:37  Sentry x3  
  68  7:38  Pylon  
  68  7:39  Probe  
  68  7:43  Dark Shrine  
  73  7:44  Probe  
  73  7:46  Probe  
  73  7:51  Probe  
  76  7:53  Charge  
  76  7:56  Protoss Ground Weapons Level 1 (Chrono Boost)  
  76  7:57  Probe  
  76  7:58  Probe, Protoss Ground Armor Level 1 (Chrono Boost)  
  77  8:03  Probe  
  79  8:08  Gateway  
  79  8:12  Gateway  
  79  8:18  Gateway  
  77  8:20  Gateway  
  77  8:26  Gateway  
  77  8:33  Stalker x2  
  81  8:35  Stalker  
  83  8:44  Probe  
  83  8:46  Immortal, Pylon  
  86  9:02  Stalker x3  
  88  9:07  Dark Templar  
  88  9:08  Dark Templar  
  92  9:19  Stalker x2  
  74  9:33  Stalker x3  
  68  9:39  Pylon  
  68  9:42  Dark Templar  
  68  9:44  Dark Templar  
  68  9:45  Zealot x2  
  72  9:52  Zealot x4  
  60  10:04  Stalker x3  
Show
View Real Time Build Order
Export as new Build Order

HeRoMaRinE Terran - Winner!

Build Orders: Cyclone Opening, Gas First Reaper Expand, Reaper Expand, MMM Bio 

Get SALT Encoding   

  12  0:00  SCV  
  13  0:12  SCV  
  14  0:17  Supply Depot  
  14  0:24  SCV  
  14  0:27  Refinery  
  15  0:38  SCV  
  16  0:44  Barracks  
  16  0:50  SCV  
  17  1:03  SCV  
  18  1:15  SCV  
  19  1:32  Orbital Command, Reaper  
  20  1:48  Command Center  
  20  1:58  Factory  
  20  2:02  SCV  
  20  2:07  Barracks Reactor  
  21  2:16  Supply Depot  
  21  2:20  Command Center  
  22  2:26  Bunker  
  22  2:30  SCV  
  22  2:42  SCV  
  22  2:43  Cyclone  
  26  2:46  Marine  
  27  2:54  SCV  
  28  3:01  Supply Depot  
  28  3:04  Refinery  
  28  3:06  SCV, Marine  
  28  3:09  Marine  
  31  3:22  SCV  
  31  3:23  Widow Mine  
  32  3:27  Marine x2  
  35  3:34  SCV  
  35  3:40  Orbital Command  
  35  3:49  Starport  
  35  3:52  SCV  
  36  4:00  Marine x2  
  38  4:04  SCV  
  38  4:07  Cyclone  
  42  4:16  SCV  
  43  4:17  Orbital Command  
  43  4:18  Liberator, Marine x2  
  43  4:28  SCV  
  47  4:40  SCV  
  47  4:41  Widow Mine, Marine x2  
  52  4:47  Supply Depot  
  52  4:52  SCV x2  
  54  5:00  Supply Depot  
  54  5:01  Liberator  
  54  5:08  SCV x2  
  54  5:10  Factory Tech Lab  
  54  5:11  Marine  
  54  5:12  Marine  
  58  5:17  Barracks  
  58  5:21  SCV  
  62  5:24  SCV  
  63  5:31  Marine  
  63  5:32  Marine  
  63  5:33  SCV  
  64  5:36  SCV  
  64  5:45  SCV  
  64  5:48  SCV  
  62  5:52  Marine x2  
  61  5:57  SCV, Siege Tank  
  61  6:00  SCV  
  65  6:09  SCV, Marine  
  65  6:12  SCV  
  62  6:20  Barracks Tech Lab  
  62  6:21  SCV  
  62  6:22  Starport Reactor  
  62  6:23  Barracks  
  62  6:24  Barracks  
  62  6:25  Engineering Bay, Barracks  
  59  6:26  SCV  
  59  6:27  Marine x2  
  59  6:30  Refinery  
  59  6:31  Refinery  
  59  6:32  Bunker  
  62  6:33  SCV, Siege Tank  
  65  6:40  SCV, Stimpack  
  65  6:41  Marine  
  65  6:45  SCV, Marine x2  
  65  6:46  Supply Depot  
  67  6:55  SCV  
  67  6:57  SCV  
  67  6:59  Marine  
  63  7:02  Marine  
  63  7:04  Marine  
  63  7:05  Siege Tank  
  67  7:09  SCV x2  
  64  7:16  Marine  
  64  7:19  Marine x2  
  64  7:20  Marine  
  64  7:22  Marine, Barracks  
  70  7:23  Terran Infantry Weapons Level 1  
  70  7:25  Barracks  
  64  7:34  Medivac, Marine  
  64  7:35  Marine x2  
  69  7:37  Marine, Siege Tank  
  69  7:38  Marine  
  69  7:40  Marine  
  69  7:43  Supply Depot, Barracks Tech Lab  
  75  7:47  Supply Depot  
  75  7:48  Supply Depot x2  
  75  7:52  Marine  
  75  7:53  Marine x2  
  78  8:05  Medivac, Marine x4  
  84  8:07  Supply Depot  
  84  8:09  Siege Tank  
  84  8:10  Marine  
  84  8:11  Marine x3  
  84  8:12  Marine  
  92  8:14  Combat Shields  
  92  8:23  Marine x4  
  96  8:28  SCV, Marine x2  
  96  8:29  Marine x2  
  96  8:30  Marine  
  102  8:39  Medivac  
  102  8:40  Marine x4  
  106  8:41  Siege Tank  
  106  8:45  Marine  
  106  8:46  Marine x2  
  106  8:47  Marine  
  106  8:48  Marine  
  108  8:58  Marine x4  
  109  9:03  Marine  
  109  9:04  Marine x2  
  109  9:05  Marine  
  109  9:06  Marine  
  114  9:16  Marine x4  
  115  9:21  Missile Turret, Marine  
  115  9:22  Marine x2, Missile Turret  
  115  9:23  Marine  
  115  9:24  Marine  
  97  9:34  Marine x4  
  95  9:39  Marine  
  95  9:40  Marine x3  
  95  9:42  Marine  
  100  9:52  Marine x4  
Tags
 
Add a new tag
Caveats
  • Supply blocks, unpowered buildings, or Contaminate may cause inaccurate times.
  • Supply counts are checked every 10 seconds.